 Dungeon Crawl Stone Soup version 0.25-a0-290-g4a1327ee3a (webtiles) character file.

Game seed: 10454655729489992150, levelgen mode: classic

77 Borgoz the Chopper (level 4, -6/38 HPs)
             Began as a Minotaur Gladiator on Dec 14, 2019.
             Mangled by Natasha (7 damage)
             ... on level 2 of the Dungeon.
             The game lasted 00:03:34 (1663 turns).

Borgoz the Chopper (Minotaur Gladiator)             Turns: 1663, Time: 00:03:35

Health: -6/38      AC:  3    Str: 18    XL:     4   Next: 14%
Magic:  3/3        EV: 13    Int:  5    God:
Gold:   126        SH:  0    Dex: 13    Spells: 3/3 levels left

rFire    . . .     SeeInvis .   a - +0 war axe
rCold    . . .     Gourm    .   (no shield)
rNeg     . . .     Faith    .   b - +0 leather armour
rPois    .         Spirit   .   c - +0 hat
rElec    .         Reflect  .   (no cloak)
rCorr    .         Harm     .   (no gloves)
MR       .....                  (no boots)
Stlth    +.........             (no amulet)
HPRegen  0.12/turn              (no ring)
MPRegen  0.08/turn              (no ring)

@: slowed, very slow
A: retaliatory headbutt, horns 2
a: no special abilities


You were on level 2 of the Dungeon.
You were not hungry.

You visited 1 branch of the dungeon, and saw 4 of its levels.

You collected 126 gold pieces.

Inventory:

Hand Weapons
 a - a +0 war axe (weapon)
Missiles
 d - 3 throwing nets (quivered)
Armour
 b - a +0 leather armour (worn)
 c - a +0 hat (worn)
Scrolls
 g - a scroll of remove curse {unknown}
 i - a scroll of fog {unknown}
 j - 2 scrolls of magic mapping {unknown}
 k - 2 scrolls of identify {unknown}
 l - 2 scrolls of teleportation {unknown}
 m - a scroll of amnesia {unknown}
 o - a scroll of enchant weapon {unknown}
Potions
 e - 2 potions of heal wounds {unknown}
 h - 2 potions of lignification {unknown}
 n - a potion of brilliance {unknown}
Comestibles
 f - 3 rations


   Skills:
 + Level 3.3 Fighting
 + Level 4.3 Axes
 - Level 2.0 Throwing
 + Level 2.0 Armour
 + Level 4.1 Dodging


You had 3 spell levels left.
You didn't know any spells.
Your spell library was empty.

Dungeon Overview and Level Annotations

Branches:
Dungeon (4/15)
 Temple: D:4-7

Altars:
Ashenzari

Annotations:
D:2 Natasha


Innate Abilities, Weirdness & Mutations

You reflexively headbutt those who attack you in melee.
You have a pair of horns on your head.


Message History

* * * LOW HITPOINT WARNING * * *
Natasha closely misses you.
You closely miss Natasha.
Natasha is almost dead.
You barely miss the crimson imp.
The crimson imp hits you but does no damage.
Natasha stares at you and mumbles some strange words.
You feel yourself slow down.
You barely miss Natasha. You headbutt Natasha, but do no damage.
Natasha is almost dead.
You hit the crimson imp.
The crimson imp blinks!
Natasha casts a spell at you. The magic dart hits you.
* * * LOW HITPOINT WARNING * * *
Natasha claws you!
* * * LOW HITPOINT WARNING * * *
You miss Natasha.
Natasha is almost dead.
Natasha claws you!
You die...

.. #.### ....# #.#.#
###.#.# # #..w#.#
##.#.#h#.# .......@§#
##.#.....############
#..................#
#####5############.#
#. #.# #. #†# #+ #.#
#.## ####..#


You could see Natasha, a crimson imp and a dart slug.

Vanquished Creatures
  Terence (D:2)
  A worm (D:2)
  2 dart slugs (D:1)
  A leopard gecko (D:1)
  A ball python (D:3)
  2 giant cockroaches (D:3)
  10 hobgoblins
  5 jackals
  A quokka (D:3)
  6 bats
  A frilled lizard (D:2)
  4 kobolds
  7 rats
42 creatures vanquished.

Notes
Turn   | Place    | Note
-------+----------+-------------------------------------------
     0 | D:1      | Borgoz the Minotaur Gladiator began the quest for the Orb.
     0 | D:1      | Reached XP level 1. HP: 18/18 MP: 0/0
   420 | D:1      | Reached XP level 2. HP: 24/25 MP: 1/1
   455 | D:1      | Reached skill level 1 in Armour
  1006 | D:2      | You fall into a shaft and drop 2 floors!
  1021 | D:3      | Reached XP level 3. HP: 31/31 MP: 2/2
  1385 | D:3      | Found a shattered altar of Ashenzari.
  1468 | D:2      | Noticed Terence
  1482 | D:2      | Killed Terence
  1482 | D:2      | Reached XP level 4. HP: 23/38 MP: 3/3
  1651 | D:2      | Noticed Natasha
  1662 | D:2      | HP: 1/38 [Natasha (7)]
  1663 | D:2      | Mangled by Natasha

Levels and vault maps discovered:
D:1:      minmay_arrival_loop, layout_basic, grunt_decor_arrowhead
D:2:      cheibrodos_greedy_goblins, layout_loops_corners, marbit_many_paths,
          corexii_item_surrounded_by_moat, uniq_terence, uniq_natasha
D:3:      layout_rooms, lemuel_doored_altar, minmay_shallow_snake_nest
D:4:      layout_loops_ring, first_ration, kennysheep_slug_shrine

Skill      XL: |  1  2  3 |
---------------+----------+-----
Armour         | 1 2 |  2.0
Axes           | 4 |  4.3
Fighting       | 3 |  3.3
Dodging        | 4 |  4.1
Throwing       | |  2.0

Action                   |  1- 3 |  4- 6 || total
-------------------------+-------+-------++-------
Melee: War axe           |    79 |    12 ||    91
       Headbutt          |    10 |     1 ||    11
 Stab: Sleeping          |     1 |       ||     1
  Eat: Chunk             |     2 |       ||     2
Armor: Leather armour    |    14 |     3 ||    17
Dodge: Dodged            |    60 |     3 ||    63

Table legend:
 A = Non-vault XP
 B = Vault XP
 C = Vault XP percentage of total XP
 D = Non-vault monster count
 E = Vault monster count
 F = Vault count percentage of total count
                 A         B        C        D         E       F
            +---------+---------+-------+---------+---------+-------
      Total |      75 |      36 |  32.4 |      41 |       1 |   2.4
            +---------+---------+-------+---------+---------+-------
        D:1 |      37 |       0 |   0.0 |      21 |       0 |   0.0
        D:2 |       8 |      36 |  81.8 |       3 |       1 |  25.0
        D:3 |      30 |       0 |   0.0 |      17 |       0 |   0.0
            +---------+---------+-------+---------+---------+-------
